 Dungeon Crawl Stone Soup version 0.19.0-2-gae57169 (webtiles) character file.

914 Gargoyl the Agent of Entropy (level 7, -9/55 HPs)
             Began as a Demonspawn Abyssal Knight on Nov 5, 2016.
             Was a Priest of Lugonu.
             Mangled by an ice beast (14 damage)
             ... on level 5 of the Dungeon.
             The game lasted 00:10:20 (5621 turns).

Gargoyl the Agent of Entropy (DsAK)                 Turns: 5621, Time: 00:10:21

Health: -9/55      AC: 10    Str: 14    XL:     7   Next: 82%
Magic:  10/10      EV: 10    Int: 11    God:    Lugonu [***...]
Gold:   8          SH:  9    Dex: 13    Spells: 0 memorised, 6 levels left

rFire  . . .     SeeInvis .     a - +1 hand axe
rCold  . . .     Gourm    .     h - +0 scale mail
rNeg   + + .     Faith    .     f - +0 buckler "Suipp" {rN++ Int-2 Slay+3}
rPois  .         Spirit   .     (helmet restricted)
rElec  .         Reflect  +     (no cloak)
rCorr  +         Harm     .     (no gloves)
MR     .....                    e - +2 pair of boots
Stlth  ..........               l - +5 amulet of reflection
                                (no ring)
                                b - ring of resist corrosion

@: no status effects
A: horns 2, spiny 1, rot immunity, sturdy frame 1
a: Depart the Abyss, Bend Space, Banish, Renounce Religion


You were on level 5 of the Dungeon.
You worshipped Lugonu.
Lugonu was most pleased with you.
You were not hungry.

You visited 1 branch of the dungeon, and saw 5 of its levels.
You visited the Abyss 1 time.

You collected 232 gold pieces.
You spent 224 gold pieces at shops.

Inventory:

Hand Weapons
 a - a +1 hand axe (weapon)
Missiles
 u - 4 tomahawks (quivered)
Armour
 e - a +2 pair of boots (worn)
 f - the +0 buckler "Suipp" (worn) {rN++ Int-2 Slay+3}
   (You found it on level 3 of the Abyss)

   It affects your intelligence (-2).
   It affects your accuracy and damage with ranged weapons and melee attacks
   (+3).
   It greatly protects you from negative energy.
 h - a +0 scale mail (worn)
 B - a +0 pair of gloves
Jewellery
 b - a ring of resist corrosion (left hand)
 l - a +5 amulet of reflection (around neck)
Wands
 w - a wand of polymorph (13/24)
Scrolls
 g - a scroll of identify
 j - a scroll of fog
 p - 4 scrolls of remove curse
 q - 3 scrolls of magic mapping {unknown}
 s - 2 scrolls of enchant armour {unknown}
 t - a scroll of immolation {unknown}
 y - 2 scrolls of teleportation
Potions
 d - a potion of mutation {unknown}
 i - a potion of flight {unknown}
 k - 4 potions of heal wounds
 n - a potion of lignification {unknown}
 o - a potion of cure mutation {unknown}
 v - a potion of ambrosia {unknown}
 x - 2 potions of brilliance {unknown}
 A - 2 potions of curing
Comestibles
 c - 3 bread rations
 m - a meat ration
 r - 4 fruits


   Skills:
 + Level 4.5 Fighting
 + Level 4.6 Axes
 * Level 4.8 Armour
 + Level 1.5 Dodging
 + Level 1.5 Shields
 * Level 5.2 Invocations


You had 6 spell levels left.
You didn't know any spells.

Dungeon Overview and Level Annotations

Branches:
Dungeon (5/15)
 Temple: D:4-7

Altars:
Ashenzari
Ru
Sif Muna
Uskayaw
Xom
The Shining One

Shops:
D:4 :   D:5 !?!


Innate Abilities, Weirdness & Mutations

You have a pair of horns on your head.
You are partially covered in sharp spines.
You are immune to rotting.
Your movements are slightly less encumbered by armour. (ER -2)


Message History

The ice beast hits you. The ice beast freezes you!
Unknown command.
You closely miss the ice beast.
The ice beast is lightly wounded.
The ice beast is struck by your spines. The ice beast hits you.
The ice beast freezes you!
* * * LOW HITPOINT WARNING * * *
Unknown command.
You hit the ice beast.
The ice beast is moderately wounded.
You completely miss the phantom. The phantom hits you!
* * * LOW HITPOINT WARNING * * *
The ice beast closely misses you.
You slash the ice beast! Your headbutt misses the ice beast.
The ice beast is heavily wounded.
You hit the phantom. The phantom barely misses you.
The ice beast is struck by your spines. The ice beast hits you.
* * * LOW HITPOINT WARNING * * *
The ice beast freezes you!
You die...

# # #. ##########...
... ......... .. $...
#.....##.##
.....##.W.(.....#
#.##......Y@...# #
####.# .##.##....(# .#
#............##†####...
#.##.##.##....#.....$..
#.##.# #..#........##
#.##.# ##...#..##..#
###.##.# ##.....# .#
......∩# ####..# #
.......# #..#


You could see a phantom and an ice beast.

Vanquished Creatures
  An ogre (D:5)
  The ghost of Garrluk the Firebug, an amateur DEFE (D:3)
  2 scorpions (D:4)
  A crimson imp (D:5)
  4 orc priests
  A worker ant (D:5)
  Natasha (thrice) (D:2)
  3 orc wizards
  Terence (D:2)
  A killer bee zombie (D:5)
  A hound skeleton (D:5)
  9 gnolls (D:3)
  8 adders
  2 adder skeletons (D:4)
  2 worms
  2 dart slugs
  2 leopard geckos
  15 orcs
  2 ball pythons (D:3)
  2 giant cockroaches
  7 goblins
  3 hobgoblins (D:1)
  7 jackals
  11 kobolds
  2 quokkas
  5 bats
  7 frilled lizards
  A quokka skeleton (D:4)
  8 rats
114 creatures vanquished.

Notes
Turn   | Place    | Note
-------+----------+-------------------------------------------
     0 | Abyss:1  | Gargoyl the Demonspawn Abyssal Knight began the quest for the Orb.
     0 | Abyss:1  | Reached XP level 1. HP: 18/18 MP: 2/2
     9 | Abyss:1  | Found a radiant altar of Vehumet.
   104 | Abyss:2  | Noticed a large abomination
   110 | Abyss:2  | Noticed a bone dragon
   140 | Abyss:3  | Got an ancient buckler
   146 | Abyss:3  | Identified the cursed +0 buckler "Suipp" {rN++ Int-2 Slay+3} (You found it on level 3 of the Abyss)
   151 | Abyss:3  | Noticed a small abomination
   198 | Abyss:3  | Noticed a starcursed mass
   198 | Abyss:3  | Noticed a starcursed mass
   223 | Abyss:4  | Noticed a chaos spawn
   241 | Abyss:4  | Noticed a thrashing horror
   243 | D:1      | Escaped the Abyss
   320 | D:1      | Found a shimmering altar of Xom.
   463 | D:1      | Reached skill level 1 in Dodging
   684 | D:1      | Gained mutation: Your movements are slightly less encumbered by armour. (ER -2) [demonic ancestry]
   684 | D:1      | Reached XP level 2. HP: 24/24 MP: 3/3
   798 | D:1      | Reached * piety under Lugonu
  1290 | D:2      | Found a deep blue altar of Sif Muna.
  1294 | D:2      | Gained mutation: You have a pair of small horns on your head. [demonic ancestry]
  1294 | D:2      | Reached XP level 3. HP: 29/29 MP: 5/5
  1370 | D:2      | Noticed Natasha
  1375 | D:2      | Killed Natasha
  1375 | D:2      | Reached skill level 3 in Invocations
  1418 | D:2      | Found a shattered altar of Ashenzari.
  1489 | D:2      | Noticed Terence
  1496 | D:2      | Noticed Natasha
  1507 | D:2      | Killed Terence
  1507 | D:2      | Reached XP level 4. HP: 20/37 MP: 6/6
  1509 | D:2      | Killed Natasha
  1786 | D:2      | Found a sacrificial altar of Ru.
  1895 | D:2      | Found a glowing golden altar of the Shining One.
  2004 | D:2      | Noticed Natasha
  2011 | D:2      | Killed Natasha
  2011 | D:2      | Gained mutation: You have a pair of horns on your head. [demonic ancestry]
  2011 | D:2      | Reached XP level 5. HP: 22/42 MP: 7/7
  2253 | D:2      | Found a hide-covered altar of Uskayaw.
  3329 | D:3      | Reached skill level 1 in Shields
  3339 | D:3      | Gained mutation: You are immune to rotting. [demonic ancestry]
  3339 | D:3      | Reached XP level 6. HP: 41/48 MP: 8/8
  3369 | D:3      | Noticed Garrluk's ghost (amateur DEFE)
  3378 | D:3      | Killed Garrluk's ghost
  3631 | D:3      | Reached ** piety under Lugonu
  3784 | D:3      | Reached skill level 4 in Invocations
  4326 | D:4      | Gained mutation: You are partially covered in sharp spines. [demonic ancestry]
  4326 | D:4      | Reached XP level 7. HP: 54/54 MP: 10/10
  4393 | D:4      | Found Tusmofif's Book Emporium.
  5361 | D:5      | Entered Level 5 of the Dungeon
  5379 | D:5      | Reached *** piety under Lugonu
  5409 | D:5      | Reached skill level 5 in Invocations
  5447 | D:5      | Found Tuskeptu's Magic Scroll Boutique.
  5455 | D:5      | Bought a scroll of teleportation for 33 gold pieces
  5457 | D:5      | Found Bolaahug's Distillery.
  5471 | D:5      | Bought 2 potions of curing for 66 gold pieces
  5471 | D:5      | Bought a potion of heal wounds for 55 gold pieces
  5536 | D:5      | Found Epoal's Distillery.
  5548 | D:5      | Bought a potion of heal wounds for 70 gold pieces
  5621 | D:5      | Mangled by an ice beast

Skill      XL: |  1  2  3  4  5  6  7 |
---------------+----------------------+-----
Dodging        | 1 |  1.5
Axes           | 2 3 4 |  4.6
Armour         | 2 3 4 |  4.8
Invocations    | 3 4 5 |  5.2
Fighting       | 4 |  4.5
Shields        | 1 |  1.5

Action                   |  1- 3 |  4- 6 |  7- 9 || total
-------------------------+-------+-------+-------++-------
Melee: Hand axe          |    76 |   131 |    73 ||   280
       Headbutt          |     6 |    27 |    19 ||    52
Invok: Depart the Abyss  |     1 |       |       ||     1
  Use: Scroll            |       |     6 |     1 ||     7
 Stab: Paralysed         |       |     1 |       ||     1
  Eat: Chunk             |     2 |     8 |     5 ||    15
Armor: Scale mail        |    37 |    65 |    19 ||   121
Dodge: Dodged            |    31 |    70 |    22 ||   123
Block: Buckler           |    10 |    58 |    35 ||   103
       Reflection        |       |     2 |       ||     2
